 Dungeon Crawl Stone Soup version 0.19.0-22-gd96e5fe (webtiles) character file.

336 Melicamp the Sneak (level 6, -13/28 HPs)
             Began as a Spriggan Enchanter on Nov 18, 2016.
             Killed from afar by an orc wizard (30 damage)
             ... with an exploding inner flame
             ... hexed by the player character
             ... on level 4 of the Dungeon on Nov 19, 2016.
             The game lasted 00:27:57 (4790 turns).

Melicamp the Sneak (Spriggan Enchanter)             Turns: 4790, Time: 00:27:59

Health: -13/28     AC:  5    Str:  4    XL:     6   Next: 28%
Magic:  17/20      EV: 18    Int: 16    God:
Gold:   103        SH:  0    Dex: 19    Spells: 3 memorised, 4 levels left

rFire  . . .     SeeInvis +     d - -3 dagger (curse)
rCold  . . .     Gourm    .     b - +1 robe
rNeg   . . .     Faith    .     (shield restricted)
rPois  .         Spirit   .     (helmet restricted)
rElec  .         Reflect  .     p - +1 cloak
rCorr  .         Harm     .     (gloves unavailable)
MR     +....                    (boots unavailable)
Stlth  ++++......               (no amulet)
                                (no ring)
                                g - ring of magical power

@: very quick
A: unfitting armour, see invisible, herbivore 3, speed 3, slow metabolism 2
a: no special abilities


You were on level 4 of the Dungeon.
You were not hungry.

You visited 1 branch of the dungeon, and saw 4 of its levels.

You collected 103 gold pieces.

Inventory:

Hand Weapons
 a - a +1 dagger
 d - a cursed -3 dagger (weapon)
 f - a +1 short sword of draining
 m - a +0 dagger
Armour
 b - a +1 robe (worn)
 p - a +1 cloak (worn)
Jewellery
 g - a ring of magical power (left hand)
Scrolls
 k - a scroll of teleportation
 l - a scroll of enchant weapon
Potions
 e - 3 potions of curing
 h - 2 potions of heal wounds
 n - a potion of magic {unknown}
 o - a potion of agility {unknown}
 q - a potion of flight {unknown}
Books
 c - a book of Maledictions

   Spells                             Type                      Level
   a - Corona                         Hexes                        1
   b - Ensorcelled Hibernation        Hexes/Ice                    2
   c - Confuse                        Hexes                        3
   d - Tukima's Dance                 Hexes                        3
   e - Dazzling Spray                 Conjuration/Hexes            3


   Skills:
 - Level 5.7 Short Blades
 - Level 3.0 Dodging
 * Level 7.3 Stealth
 - Level 2.6 Spellcasting
 - Level 3.6 Hexes


You had 4 spell levels left.
You knew the following spells:

 Your Spells              Type           Power        Failure   Level  Hunger
a - Corona                Hex            ##.....      6%          1    #......
b - Ensorcelled Hibernat  Hex/Ice        #.....       17%         2    ##.....
c - Confuse               Hex            ##......     14%         3    ###....


Dungeon Overview and Level Annotations

Branches:
Dungeon (4/15)
 Temple: D:4-7

Altars:
Ashenzari
Trog


Innate Abilities, Weirdness & Mutations

You are very small and have problems with some larger weapons.
You are too small for most types of armour.
You have supernaturally acute eyesight. (SInv)
You are a herbivore.
You cover ground extremely quickly.
You need consume almost no food.


Message History

Press: ? - help, Shift-Dir - straight line, f - orc wizard
Aim: an orc wizard, wielding a dagger and wearing a robe (fast, inner flame, chance to defeat MR: 44%)
The orc appears confused.
The orc wizard points at you and mumbles some strange words.
The puff of flame misses you.
You hit the orc but do no damage. The orc wizard hits you with a dagger.
You hit the orc.
The orc is lightly wounded.
The orc wizard closely misses you.
The orc hits the orc with a mace!
The orc explodes!
The fiery explosion engulfs the orc.
The orc explodes!
The fiery explosion engulfs you!
The fiery explosion engulfs the orc wizard.
The orc wizard explodes!
The fiery explosion engulfs the orc.
The orc explodes!
The fiery explosion engulfs you!
Ouch! That really hurt!
You die...

..#.#.....
##........# # #
#...#.....#.#.##
(.........!o$..
#..####........
#..#.........oo
#(.#.###.####.#
#§§#.# ...
#§@#.# ##.#
#§§#.#####.#
#§§ooo.....o
####.......o.
#######.#


You could see an orc (inner flame).

Vanquished Creatures
  The ghost of Sagrath01 the Chiller, an amateur HEIE (D:3)
  Crazy Yiuf (D:3)
  Jessica (D:3)
  An orc wizard (D:4)
  A worker ant (D:4)
  6 adders
  An ooze (D:3)
  2 worms
  3 dart slugs
  A leopard gecko (D:3)
  6 orcs
  7 giant cockroaches
  8 hobgoblins
  5 jackals
  A quokka (D:2)
  A ball python (D:2)
  10 bats
  5 frilled lizards
  12 goblins
  11 kobolds
  5 rats
89 creatures vanquished.

Notes
Turn   | Place    | Note
-------+----------+-------------------------------------------
     0 | D:1      | Melicamp the Spriggan Enchanter began the quest for the Orb.
     0 | D:1      | Reached XP level 1. HP: 9/9 MP: 5/5
   211 | D:1      | Reached XP level 2. HP: 5/13 MP: 6/6
   408 | D:1      | Found a shattered altar of Ashenzari.
  1322 | D:1      | Learned a level 2 spell: Ensorcelled Hibernation
  1413 | D:2      | Reached XP level 3. HP: 16/16 MP: 5/8
  1486 | D:2      | Learned a level 3 spell: Confuse
  2053 | D:2      | Reached XP level 4. HP: 21/21 MP: 9/9
  2913 | D:3      | Noticed Jessica
  2936 | D:3      | Killed Jessica
  2937 | D:3      | Noticed Sagrath01's ghost (amateur HEIE)
  2964 | D:3      | Killed Sagrath01's ghost
  2964 | D:3      | Reached skill level 5 in Short Blades
  2964 | D:3      | Reached XP level 5. HP: 20/24 MP: 2/10
  3393 | D:3      | Reached skill level 5 in Stealth
  4189 | D:3      | Found a runed door.
  4255 | D:3      | Noticed Crazy Yiuf
  4259 | D:3      | Killed Crazy Yiuf
  4259 | D:3      | Reached skill level 6 in Stealth
  4328 | D:3      | Reached XP level 6. HP: 28/28 MP: 11/11
  4397 | D:4      | Found a bloodstained altar of Trog.
  4538 | D:4      | Reached skill level 7 in Stealth
  4790 | D:4      | Killed from afar by an orc wizard

Skill      XL: |  1  2  3  4  5  6 |
---------------+-------------------+-----
Short Blades   | 2 3 4 5 |  5.7
Stealth        | 6 7 |  7.3
Dodging        | |  3.0
Spellcasting   | |  2.6
Hexes          | |  3.6

Action                   |  1- 3 |  4- 6 || total
-------------------------+-------+-------++-------
Melee: Dagger            |   149 |   281 ||   430
       Short sword       |       |    33 ||    33
 Cast: Corona            |     1 |     3 ||     4
       Ensorcelled Hiber |     6 |    32 ||    38
       Confuse           |       |    26 ||    26
  Use: Scroll            |     3 |     4 ||     7
 Stab: Sleeping          |    15 |    17 ||    32
       Distracted        |     1 |     4 ||     5
       Confused          |       |    12 ||    12
  Eat: Bread ration      |       |     2 ||     2
Armor: Robe              |    24 |    44 ||    68
Dodge: Dodged            |   113 |   255 ||   368
